 Dungeon Crawl Stone Soup version 0.21.1-1-g345015f (webtiles) character file.

117 Mirai the Skirmisher (level 4, -9/37 HPs)
             Began as a Demonspawn Fighter on Mar 7, 2018.
             Mangled by Mgcat's ghost (15 damage)
             ... on level 3 of the Dungeon.
             The game lasted 00:04:08 (2055 turns).

Mirai the Skirmisher (Demonspawn Fighter)           Turns: 2055, Time: 00:04:09

Health: -9/37      AC:  2    Str: 23    XL:     4   Next: 71%
Magic:  4/4        EV:  8    Int:  9    God:
Gold:   99         SH:  9    Dex: 12    Spells: 3/3 levels left

rFire    . . .     SeeInvis .   a - +0 war axe
rCold    . . .     Gourm    .   c - +0 shield
rNeg     . . .     Faith    .   (no armour)
rPois    .         Spirit   .   (no helmet)
rElec    .         Reflect  .   (no cloak)
rCorr    .         Harm     .   (no gloves)
MR       .....                  (no boots)
Stlth    +.........             (no amulet)
HPRegen  0.12/turn              (no ring)
MPRegen  0.09/turn              (no ring)

@: mighty
A: hooves 1, yellow scales 1
a: no special abilities


You were on level 3 of the Dungeon.
You were not hungry.

You visited 1 branch of the dungeon, and saw 3 of its levels.

You collected 99 gold pieces.

Inventory:

Hand Weapons
 a - a +0 war axe (weapon)
Armour
 b - a +0 scale mail
 c - a +0 shield (worn)
 u - a cursed +0 leather armour
Jewellery
 g - an uncursed ring of ice {unknown}
 q - an uncursed amulet of faith
Scrolls
 h - 3 scrolls of remove curse {unknown}
 i - 3 scrolls of identify {unknown}
 j - a scroll of fear {unknown}
 k - a scroll of enchant armour {unknown}
 o - a scroll of noise {unknown}
Potions
 d - a potion of might
 e - 2 potions of lignification {unknown}
 l - a potion of brilliance {unknown}
 m - a potion of berserk rage {unknown}
 n - 2 potions of curing {unknown}
 r - 2 potions of heal wounds {unknown}
 s - 2 potions of resistance {unknown}
 t - a potion of cancellation {unknown}
Comestibles
 f - 4 rations
 p - 2 chunks of flesh


   Skills:
 + Level 3.6 Fighting
 + Level 3.0 Axes
 + Level 3.3 Armour
 + Level 3.2 Shields


You had 3 spell levels left.
You didn't know any spells.

Dungeon Overview and Level Annotations

Branches:
Dungeon (3/15)

Altars:

Annotations:
D:3 Mgcat's ghost, amateur FoCK


Innate Abilities, Weirdness & Mutations

You have large cloven feet.
You are partially covered in yellow scales. (AC +2)


Message History

Mgcat's ghost is severely damaged.
Mgcat's ghost completely misses you.
Mgcat's ghost hits you but does no damage.
You barely miss Mgcat's ghost. You kick Mgcat's ghost.
Mgcat's ghost is severely damaged.
You block Mgcat's ghost's attack.
You barely miss Mgcat's ghost.
Mgcat's ghost is severely damaged.
You block Mgcat's ghost's attack. x2
You miss Mgcat's ghost.
Mgcat's ghost is severely damaged.
Mgcat's ghost hits you!
You closely miss Mgcat's ghost.
Mgcat's ghost is severely damaged.
Mgcat's ghost hits you!
* * * LOW HITPOINT WARNING * * *
You closely miss Mgcat's ghost. Your kick misses Mgcat's ghost.
Mgcat's ghost is severely damaged.
You block Mgcat's ghost's attack. Mgcat's ghost hits you!
You die...

#####.# #.# ##.## #.....# ##'##
#.# #.###.# ##...## #.# #.###
##.....## ###.# .# ##.#.##
##.......## ##.#.#
.#.##.....####........)####....#
.............+.........'.......#
.#.##.....####..W......####....#
#.##..#.## ##.@.....## ##.#.#
#.....#### ##.....## ###.#
#........# ##...## #.#
#.##.###.# ##'## #.. #. #)## #
#.# #. #..# #.# ##<# .#
#.###.##.# #........#


You could see Mgcat's ghost.

Vanquished Creatures
  3 adders (D:2)
  An ooze (D:1)
  2 worms (D:2)
  3 dart slugs
  2 leopard geckos (D:2)
  7 orcs
  2 giant cockroaches
  6 goblins
  8 hobgoblins
  6 jackals
  4 kobolds
  2 quokkas (D:2)
  A ball python (D:1)
  5 bats
  3 frilled lizards (D:2)
  6 rats
61 creatures vanquished.

Notes
Turn   | Place    | Note
-------+----------+-------------------------------------------
     0 | D:1      | Mirai the Demonspawn Fighter began the quest for the Orb.
     0 | D:1      | Reached XP level 1. HP: 18/18 MP: 1/1
   174 | D:1      | Gained mutation: You have large cloven feet. [demonic ancestry]
   174 | D:1      | Reached XP level 2. HP: 22/24 MP: 2/2
   619 | D:1      | Reached XP level 3. HP: 28/29 MP: 3/3
  1301 | D:2      | Gained mutation: You are partially covered in yellow scales. (AC +2) [demonic ancestry]
  1301 | D:2      | Reached XP level 4. HP: 21/35 MP: 4/4
  2039 | D:3      | Noticed Mgcat's ghost (amateur FoCK)
  2055 | D:3      | Mangled by Mgcat's ghost

Skill      XL: |  1  2  3  4 |
---------------+-------------+-----
Axes           | 2 3 |  3.0
Armour         | 3 |  3.3
Shields        | 3 |  3.2
Fighting       | |  3.6

Action                   |  1- 3 |  4- 6 || total
-------------------------+-------+-------++-------
Melee: War axe           |   111 |    61 ||   172
       Kick              |    20 |    12 ||    32
  Use: Potion            |       |     1 ||     1
  Eat: Chunk             |     1 |     3 ||     4
Armor: Scale mail        |    69 |    27 ||    96
       Skin              |       |     2 ||     2
Dodge: Dodged            |    39 |    19 ||    58
Block: Shield            |    71 |    38 ||   109
